| TOP OF THE 1ST |
|
Bakersfield Bears batting - Pitching for Salinas Fire Frogs : LHP Ricardo Franco
|
|
Pitching: LHP Ricardo Franco
|
|
|
Batting: RHB Randy Kutcher
|
0-0: Ball 1-0: Called Strike 1-1: Ball 2-1: Called Strike 2-2: Fly out, F4 (Popup, 4S, EV 75.0 MPH)
|
|
Batting: LHB Kevin Waller
|
0-0: Swinging Strike 0-1: SINGLE (Groundball, 4MD, EV 108.1 MPH)
|
|
Batting: RHB Steve Buechele
|
0-0: Ball Kevin Waller is caught stealing 2nd base 2-4 1-0: Called Strike 1-1: Fly out, F8 (Flyball, 89XD, EV 91.3 MPH)
|
| Top of the 1st over - 0 runs, 1 hit, 0 errors, 0 left on base; Bakersfield 0 - Salinas 0 |
| BOTTOM OF THE 1ST |
|
Salinas Fire Frogs batting - Pitching for Bakersfield Bears : LHP Craig Henderson
|
|
Pitching: LHP Craig Henderson
|
|
|
Batting: RHB Bobby Morin
|
0-0: Foul Ball, location: 2F 0-1: Ball 1-1: Called Strike 1-2: Ball 2-2: Fly out, F9 (Flyball, 9, EV 84.4 MPH)
|
|
Batting: RHB Carlos Urias
|
0-0: Called Strike 0-1: Called Strike 0-2: Ball 1-2: Ball 2-2: Foul Ball, location: 2F 2-2: Strikes out swinging
|
|
Batting: RHB Kevin Mitchell
|
0-0: Called Strike 0-1: Foul Ball, location: 2F 0-2: SINGLE (Line Drive, 6D, EV 106.3 MPH)
|
|
Batting: RHB Bruce Morrison
|
0-0: Ball 1-0: Ball 2-0: SINGLE (Line Drive, 89M, EV 105.6 MPH) Kevin Mitchell to second
|
|
Batting: LHB Kent Keiser
|
0-0: Called Strike 0-1: SINGLE (Groundball, 34D, EV 96.9 MPH) Kevin Mitchell to third Bruce Morrison to second Runner from 3rd tries for Home, SAFE, throw by RF to home
|
|
Batting: RHB Ramon Jimenez
|
0-0: Ball 1-0: SINGLE (Flyball, 89S, EV 89.4 MPH) Bruce Morrison to third Kent Keiser to second Runner from 3rd tries for Home, SAFE, throw by RF to home
|
|
Batting: LHB Daryl Pitts
|
0-0: TRIPLE (Flyball, 89XD, EV 107.5 MPH) Kent Keiser scores Ramon Jimenez scores
|
|
Batting: RHB Bruce Seid
|
0-0: Ball 1-0: Ball 2-0: Ball 3-0: Called Strike 3-1: Fly out, F7 (Flyball, 7S, EV 90.0 MPH)
|
| Bottom of the 1st over - 4 runs, 5 hits, 0 errors, 1 left on base; Bakersfield 0 - Salinas 4 |
| TOP OF THE 2ND |
|
Bakersfield Bears batting - Pitching for Salinas Fire Frogs : LHP Ricardo Franco
|
|
Now at 1B: Paul Ondo
|
|
|
Batting: RHB James Oros
|
0-0: Ball 1-0: Ball 2-0: Foul Ball, location: 2F 2-1: Swinging Strike 2-2: Strikes out looking
|
|
Batting: LHB Jim Eppard
|
0-0: Ball 1-0: Swinging Strike 1-1: Ball 2-1: Foul Ball, location: 2F 2-2: Foul Ball, location: 2F 2-2: Foul Ball, location: 2F 2-2: Foul Ball, location: 2F 2-2: DOUBLE (Line Drive, 9LM, EV 105.0 MPH)
|
|
Batting: RHB Preston Williams
|
0-0: Ball 1-0: Ball 2-0: Ground out 4-3 (Groundball, 4, EV 104.4 MPH) Jim Eppard to third
|
|
Batting: LHB Gregory DeLaune
|
0-0: Fly out, F8 (Flyball, 8LD, EV 80.0 MPH)
|
| Top of the 2nd over - 0 runs, 1 hit, 0 errors, 1 left on base; Bakersfield 0 - Salinas 4 |
| BOTTOM OF THE 2ND |
|
Salinas Fire Frogs batting - Pitching for Bakersfield Bears : LHP Craig Henderson
|
|
Batting: LHB Charles McGehee
|
0-0: Ball 1-0: Called Strike 1-1: Ball 2-1: Ball 3-1: Foul Ball, location: 2F 3-2: Fly out, F7 (Flyball, 7S, EV 76.9 MPH)
|
|
Batting: RHB Bobby Morin
|
0-0: TRIPLE (Flyball, 89XD, EV 103.8 MPH)
|
|
Batting: RHB Carlos Urias
|
0-0: Ball Wild Pitch! Bobby Morin scores 1-0: Swinging Strike 1-1: SINGLE (Groundball, 6MD, EV 106.3 MPH)
|
|
Batting: RHB Kevin Mitchell
|
0-0: Ball 1-0: Ball 2-0: Called Strike 2-1: Fly out, F7 (Line Drive, 7D, EV 90.0 MPH)
|
|
Batting: LHB Paul Ondo
|
0-0: Called Strike 0-1: Ball 1-1: Ground out 5-3 (Groundball, 56, EV 83.8 MPH)
|
| Bottom of the 2nd over - 1 run, 2 hits, 0 errors, 1 left on base; Bakersfield 0 - Salinas 5 |
| TOP OF THE 3RD |
|
Bakersfield Bears batting - Pitching for Salinas Fire Frogs : LHP Ricardo Franco
|
|
Batting: RHB Jeff Rudolph
|
0-0: Called Strike 0-1: Foul Ball, location: 2F 0-2: Ball 1-2: Ball 2-2: Ball 3-2: SINGLE (Line Drive, 4MD, EV 110.0 MPH)
|
|
Batting: LHB Rodney Kemp
|
0-0: Fielders Choice at 2nd, 3-6 (Groundball, 3, EV 86.3 MPH)
|
|
Batting: RHB Randy Kutcher
|
0-0: Ball 1-0: Ball 2-0: Fielders Choice at 2nd, 5-4 (Groundball, 56D, EV 93.1 MPH)
|
|
Batting: LHB Kevin Waller
|
0-0: Swinging Strike 0-1: Ball 1-1: SINGLE (Groundball, 6M, EV 91.3 MPH) (infield hit) Randy Kutcher to second
|
|
Batting: RHB Steve Buechele
|
0-0: Ground out 1-3 (Groundball, 15S, EV 66.9 MPH)
|
| Top of the 3rd over - 0 runs, 2 hits, 0 errors, 2 left on base; Bakersfield 0 - Salinas 5 |
| BOTTOM OF THE 3RD |
|
Salinas Fire Frogs batting - Pitching for Bakersfield Bears : LHP Craig Henderson
|
|
Batting: LHB Kent Keiser
|
0-0: Ball 1-0: Ball 2-0: SINGLE (Groundball, 4MD, EV 100.6 MPH)
|
|
Batting: RHB Ramon Jimenez
|
0-0: Ball 1-0: Called Strike 1-1: Ball 2-1: Ball 3-1: Called Strike 3-2: SINGLE (Groundball, 6MD, EV 96.3 MPH) Kent Keiser to second Runner from 2nd tries for 3rd, SAFE, throw by CF made to third
|
|
Batting: LHB Daryl Pitts
|
0-0: Ball 1-0: Swinging Strike 1-1: Foul Ball, location: 2F 1-2: Ball 2-2: Grounds into double play, 5-4-3 (Groundball, 56S, EV 84.4 MPH) Kent Keiser scores
|
|
Batting: RHB Bruce Seid
|
0-0: Ball 1-0: Called Strike 1-1: SINGLE (Line Drive, 4M, EV 105.6 MPH)
|
|
Pitching: LHP Richard Cope
|
|
|
Batting: LHB Charles McGehee
|
0-0: Ball 1-0: Called Strike 1-1: Called Strike 1-2: Foul Ball, location: 2F 1-2: Foul Ball, location: 2F 1-2: Strikes out looking
|
| Bottom of the 3rd over - 1 run, 3 hits, 0 errors, 1 left on base; Bakersfield 0 - Salinas 6 |
| TOP OF THE 4TH |
|
Bakersfield Bears batting - Pitching for Salinas Fire Frogs : LHP Ricardo Franco
|
|
Batting: RHB James Oros
|
0-0: Foul Ball, location: 2F 0-1: Ball 1-1: Swinging Strike 1-2: Ground out U3 (Groundball, 13, EV 82.5 MPH)
|
|
Batting: LHB Jim Eppard
|
0-0: Ball 1-0: Ball 2-0: Ball 3-0: Called Strike 3-1: Called Strike 3-2: Foul Ball, location: 2F 3-2: Base on Balls
|
|
Batting: RHB Preston Williams
|
0-0: Foul Ball, location: 2F 0-1: Ball 1-1: Foul Ball, location: 2F 1-2: Ball 2-2: Ball Jim Eppard steals 2nd base 3-2: Foul Ball, location: 2F 3-2: Ground out 4-3 (Groundball, 4S, EV 80.0 MPH) Jim Eppard to third
|
|
Batting: LHB Gregory DeLaune
|
0-0: Called Strike 0-1: Ball 1-1: Called Strike 1-2: Foul Ball, location: 2F 1-2: Foul Ball, location: 2F 1-2: Ball 2-2: Foul Ball, location: 2F 2-2: Ball 3-2: Foul Ball, location: 2F 3-2: Fly out, F6 (Popup, 6, EV 58.8 MPH)
|
| Top of the 4th over - 0 runs, 0 hits, 0 errors, 1 left on base; Bakersfield 0 - Salinas 6 |
| BOTTOM OF THE 4TH |
|
Salinas Fire Frogs batting - Pitching for Bakersfield Bears : LHP Richard Cope
|
|
Batting: RHB Bobby Morin
|
0-0: Called Strike 0-1: Fly out, F9 (Line Drive, 9, EV 87.5 MPH)
|
|
Batting: RHB Carlos Urias
|
0-0: Ball 1-0: Ball 2-0: Fly out, F4 (Line Drive, 4, EV 65.6 MPH)
|
|
Batting: RHB Kevin Mitchell
|
0-0: Called Strike 0-1: Swinging Strike 0-2: Ball 1-2: Ball 2-2: Strikes out swinging
|
| Bottom of the 4th over - 0 runs, 0 hits, 0 errors, 0 left on base; Bakersfield 0 - Salinas 6 |
| TOP OF THE 5TH |
|
Bakersfield Bears batting - Pitching for Salinas Fire Frogs : LHP Ricardo Franco
|
|
Batting: RHB Jeff Rudolph
|
0-0: Called Strike 0-1: Ball 1-1: Called Strike 1-2: Fly out, F2 (Popup, 2RF, EV 97.5 MPH)
|
|
Batting: LHB Rodney Kemp
|
0-0: Fly out, F6 (Popup, 6MS, EV 79.4 MPH)
|
|
Batting: RHB Randy Kutcher
|
0-0: Ball 1-0: Ball 2-0: Foul Ball, location: 2F 2-1: Ball 3-1: Base on Balls
|
|
Batting: LHB Kevin Waller
|
0-0: Swinging Strike 0-1: Fly out, F7 (Flyball, 7, EV 86.9 MPH)
|
| Top of the 5th over - 0 runs, 0 hits, 0 errors, 1 left on base; Bakersfield 0 - Salinas 6 |
| BOTTOM OF THE 5TH |
|
Salinas Fire Frogs batting - Pitching for Bakersfield Bears : LHP Richard Cope
|
|
Batting: LHB Paul Ondo
|
0-0: Foul Ball, location: 2F 0-1: Ball 1-1: Ball 2-1: Ball 3-1: Base on Balls
|
|
Batting: LHB Kent Keiser
|
0-0: Foul Ball, location: 2F 0-1: Ball 1-1: Foul Ball, location: 2F 1-2: Ball 2-2: Foul Ball, location: 2F 2-2: Ball 3-2: Fly out, F7 (Line Drive, 7, EV 92.5 MPH)
|
|
Batting: RHB Ramon Jimenez
|
0-0: Ball 1-0: Ball 2-0: Ball 3-0: Base on Balls Paul Ondo to second
|
|
Batting: LHB Daryl Pitts
|
0-0: Ball 1-0: Ball 2-0: Ball 3-0: Base on Balls Paul Ondo to third Ramon Jimenez to second
|
|
Batting: RHB Bruce Seid
|
0-0: Ball 1-0: Ball 2-0: Ball 3-0: Swinging Strike 3-1: Fly out, F2 (Popup, 3SF, EV 78.1 MPH)
|
|
Batting: LHB Charles McGehee
|
0-0: Swinging Strike 0-1: Ball 1-1: Ball 2-1: Foul Ball, location: 2F 2-2: Foul Ball, location: 2F 2-2: SINGLE (Groundball, 4MD, EV 107.5 MPH) Paul Ondo scores Ramon Jimenez to third Daryl Pitts to second Runner from 3rd tries for Home, SAFE, throw by CF to home
|
|
Batting: RHB Bobby Morin
|
0-0: Swinging Strike 0-1: Ground out 5-3 (Groundball, 56, EV 83.1 MPH)
|
| Bottom of the 5th over - 2 runs, 1 hit, 0 errors, 2 left on base; Bakersfield 0 - Salinas 8 |
| TOP OF THE 6TH |
|
Bakersfield Bears batting - Pitching for Salinas Fire Frogs : LHP Ricardo Franco
|
|
Batting: RHB Steve Buechele
|
0-0: Ball 1-0: Ball 2-0: Swinging Strike 2-1: Ball 3-1: Base on Balls
|
|
Batting: RHB James Oros
|
0-0: Called Strike 0-1: Foul Ball, location: 2F 0-2: Foul Ball, location: 2F 0-2: Ball 1-2: Ball 2-2: Strikes out swinging
|
|
Batting: LHB Jim Eppard
|
0-0: Ball 1-0: Foul Ball, location: 2F 1-1: Fielders Choice at 2nd, 6-4 (Groundball, 6, EV 81.3 MPH)
|
|
Batting: RHB Preston Williams
|
0-0: Ball 1-0: Called Strike 1-1: Fly out, F9 (Line Drive, 9, EV 90.6 MPH)
|
| Top of the 6th over - 0 runs, 0 hits, 0 errors, 1 left on base; Bakersfield 0 - Salinas 8 |
| BOTTOM OF THE 6TH |
|
Salinas Fire Frogs batting - Pitching for Bakersfield Bears : LHP Richard Cope
|
|
Batting: RHB Carlos Urias
|
0-0: Ball 1-0: Swinging Strike 1-1: Ball 2-1: Foul Ball, location: 2F 2-2: Foul Ball, location: 2F 2-2: Foul Ball, location: 2F 2-2: Fly out, F9 (Flyball, 9, EV 91.3 MPH)
|
|
Batting: RHB Kevin Mitchell
|
0-0: Swinging Strike 0-1: SINGLE (Flyball, 8LS, EV 94.4 MPH)
|
|
Batting: LHB Paul Ondo
|
0-0: Ball 1-0: DOUBLE (Line Drive, 9LS, EV 101.3 MPH) Kevin Mitchell to third Runner from 3rd tries for Home, SAFE, throw by RF to home
|
|
Batting: LHB Kent Keiser
|
0-0: Swinging Strike 0-1: Ball 1-1: Ball 2-1: Ball 3-1: Called Strike 3-2: Base on Balls
|
|
Pitching: RHP Gary Ezell
|
|
|
Batting: RHB Ramon Jimenez
|
0-0: Swinging Strike 0-1: Fly out, F8 (Flyball, 8LXD, EV 86.3 MPH) Runner from 2nd tags up, SAFE at 3rd, no throw by CF
|
|
Batting: LHB Daryl Pitts
|
0-0: Ball 1-0: Fielders Choice at 2nd, 6-4 (Groundball, 6, EV 87.5 MPH)
|
| Bottom of the 6th over - 1 run, 2 hits, 0 errors, 2 left on base; Bakersfield 0 - Salinas 9 |
| TOP OF THE 7TH |
|
Bakersfield Bears batting - Pitching for Salinas Fire Frogs : LHP Ricardo Franco
|
|
Batting: LHB Gregory DeLaune
|
0-0: Swinging Strike 0-1: Ground out 4-3 (Groundball, 4, EV 81.3 MPH)
|
|
Batting: RHB Jeff Rudolph
|
0-0: Called Strike 0-1: Ball 1-1: SINGLE (Line Drive, 5D, EV 97.5 MPH)
|
|
Batting: LHB Rodney Kemp
|
0-0: Ball 1-0: Called Strike 1-1: Fly out, F6 (Popup, 6MS, EV 66.9 MPH)
|
|
Batting: RHB Randy Kutcher
|
0-0: Ball 1-0: Fielders Choice at 2nd, 6-4 (Groundball, 6, EV 84.4 MPH)
|
| Top of the 7th over - 0 runs, 1 hit, 0 errors, 1 left on base; Bakersfield 0 - Salinas 9 |
| BOTTOM OF THE 7TH |
|
Salinas Fire Frogs batting - Pitching for Bakersfield Bears : RHP Gary Ezell
|
|
Pinch Hitting: RHB Richard Gonzalez
|
0-0: Ball 1-0: Ground out 4-3 (Groundball, 4, EV 84.4 MPH)
|
|
Batting: LHB Charles McGehee
|
0-0: Called Strike 0-1: Ball 1-1: Foul Ball, location: 2F 1-2: Ball 2-2: Ball 3-2: Base on Balls
|
|
Batting: RHB Bobby Morin
|
0-0: Ball 1-0: Swinging Strike 1-1: Foul Ball, location: 2F 1-2: Ball 2-2: Foul Ball, location: 2F 2-2: SINGLE (Line Drive, 8RS, EV 109.4 MPH) Charles McGehee to second
|
|
Pinch Hitting: RHB Richard Doss
|
0-0: Fielders Choice at 2nd, 3-6 (Groundball, 3S, EV 81.3 MPH) Charles McGehee to third
|
|
Pinch Hitting: LHB Richard Vitato
|
0-0: Ball 1-0: Foul Ball, location: 2F 1-1: Ball 2-1: 3-RUN HOME RUN (Flyball, 9D, EV 93.8 MPH), Distance : 384 ft
|
|
Batting: LHB Paul Ondo
|
0-0: Called Strike 0-1: Called Strike 0-2: Ball 1-2: Ball 2-2: Foul Ball, location: 2F 2-2: Ball 3-2: Strikes out swinging
|
| Bottom of the 7th over - 3 runs, 2 hits, 0 errors, 0 left on base; Bakersfield 0 - Salinas 12 |
| TOP OF THE 8TH |
|
Bakersfield Bears batting - Pitching for Salinas Fire Frogs : LHP Ricardo Franco
|
|
Now at 2B: Richard Vitato
|
|
|
Now at 3B: Richard Doss
|
|
|
Now at SS: Richard Gonzalez
|
|
|
Batting: LHB Kevin Waller
|
0-0: Ball 1-0: Ball 2-0: Foul Ball, location: 2F 2-1: Foul Ball, location: 2F 2-2: Ground out 1-3 (Groundball, 13S, EV 71.9 MPH)
|
|
Batting: RHB Steve Buechele
|
0-0: SINGLE (Groundball, 3D, EV 105.0 MPH)
|
|
Pitching: RHP David Wong
|
|
|
Batting: RHB James Oros
|
0-0: Grounds into double play, 4-6-3 (Groundball, 4MS, EV 81.3 MPH)
|
| Top of the 8th over - 0 runs, 1 hit, 0 errors, 0 left on base; Bakersfield 0 - Salinas 12 |
| BOTTOM OF THE 8TH |
|
Salinas Fire Frogs batting - Pitching for Bakersfield Bears : RHP Gary Ezell
|
|
Batting: LHB Kent Keiser
|
0-0: Fly out, F6 (Line Drive, 6, EV 63.1 MPH)
|
|
Batting: RHB Ramon Jimenez
|
0-0: Called Strike 0-1: Ball 1-1: Ball 2-1: Called Strike 2-2: Ball 3-2: Strikes out swinging
|
|
Batting: LHB Daryl Pitts
|
0-0: Ball 1-0: Called Strike 1-1: Swinging Strike 1-2: Foul Ball, location: 2F 1-2: Strikes out swinging
|
| Bottom of the 8th over - 0 runs, 0 hits, 0 errors, 0 left on base; Bakersfield 0 - Salinas 12 |
| TOP OF THE 9TH |
|
Bakersfield Bears batting - Pitching for Salinas Fire Frogs : RHP David Wong
|
|
Pinch Hitting: LHB Sal Rende
|
0-0: Ball 1-0: Ball 2-0: Ball 3-0: Base on Balls
|
|
Batting: RHB Preston Williams
|
0-0: Ball 1-0: Ball 2-0: Ball 3-0: Called Strike 3-1: Base on Balls Sal Rende to second
|
|
Batting: LHB Gregory DeLaune
|
0-0: Ball 1-0: Foul Ball, location: 2F 1-1: Ball 2-1: Ball 3-1: Foul Ball, location: 2F 3-2: Fielders Choice at 2nd, 3-6 (Groundball, 34S, EV 81.9 MPH) Sal Rende to third
|
|
Batting: RHB Jeff Rudolph
|
0-0: Ball 1-0: Ball 2-0: Grounds into double play, 4-6-3 (Groundball, 4, EV 82.5 MPH)
|
| Top of the 9th over - 0 runs, 0 hits, 0 errors, 1 left on base; Bakersfield 0 - Salinas 12 |
|